 Dungeon Crawl Stone Soup version 0.26-a0-672-g1df16c3386 (webtiles) character file.

Game seed: 6262366759916535555

2513 marklar909 the Basher (level 9, -4/69 HPs)
             Began as a Formicid Abyssal Knight on Oct 20, 2020.
             Was an Elder of Lugonu.
             Slain by a killer bee (6 damage)
             ... on level 8 of the Dungeon.
             The game lasted 00:15:31 (9510 turns).

marklar909 the Basher (Formicid Abyssal Knight)     Turns: 9510, Time: 00:15:31

Health: -4/69      AC: 10    Str: 21    XL:     9   Next: 83%
Magic:  3/11       EV: 12    Int: 11    God:    Lugonu [****..]
Gold:   269        SH:  0    Dex: 10    Spells: 8/8 levels left

rFire    . . .     SeeInvis +   b - +3 mace (protect)
rCold    . . .     Faith    .   (no shield)
rNeg     + . .     Spirit   .   q - +1 ring mail {rPois}
rPois    +         Reflect  .   (helmet unavailable)
rElec    .         Harm     .   (no cloak)
rCorr    .         Rampage  +   f - +0 pair of gloves of a sewer {Rampage Stlth+}
MR       +....                  j - +1 pair of boots
Stlth    +++.......             (no amulet)
HPRegen  0.21/turn              m - ring of protection from magic
MPRegen  0.12/turn              v - ring of positive energy

@: no status effects
A: permanent stasis, dig shafts and tunnels, four strong arms, antennae 3
a: Dig, Shaft Self, Depart the Abyss, Bend Space, Banish, Corrupt, Renounce
Religion


You were on level 8 of the Dungeon.
You worshipped Lugonu.
Lugonu was greatly pleased with you.
You visited 1 branch of the dungeon, and saw 8 of its levels.
You visited the Abyss 1 time.

You collected 269 gold pieces.

Inventory:

Hand Weapons
 b - a +3 mace of protection (weapon)
 r - a +0 great mace
Missiles
 s - 6 poisoned darts (quivered)
Armour
 f - the +0 pair of gloves of a sewer (worn) {Rampage Stlth+}
   (You found it on level 4 of the Dungeon)

   It bestows one free step when moving towards enemies.
   It makes you more stealthy.
 j - a +1 pair of boots (worn)
 q - a +1 ring mail of poison resistance (worn)
Jewellery
 a - an uncursed ring of stealth
 g - an uncursed ring of poison resistance
 m - a ring of protection from magic (left hand)
 v - a ring of positive energy (right hand)
Wands
 l - a wand of disintegration (11)
 n - a wand of polymorph (18)
 p - a wand of random effects (15)
 u - a wand of digging (5)
 w - a wand of acid (6)
Scrolls
 c - 7 scrolls of remove curse
 d - a scroll of identify
 t - a scroll of enchant weapon
Potions
 h - 4 potions of magic
 i - a potion of brilliance
 k - a potion of might
 o - a potion of stabbing


   Skills:
 + Level 6.2 Fighting
 + Level 8.4 Maces & Flails
 + Level 2.5 Throwing
 + Level 5.8 Armour
 + Level 4.0 Dodging
 + Level 3.5 Stealth
 * Level 3.4 Invocations
 + Level 1.0 Evocations


You had 8 spell levels left.
You didn't know any spells.
Your spell library contained the following spells:

 Spells                   Type           Power        Failure   Level
 Beastly Appendage        Tmut           #.....       50%         1
 Wereblood                Tmut           #.......     63%         2
 Spider Form              Tmut/Pois      #.........   86%         3
 Ice Form                 Ice/Tmut       #.......     99%         4
 Blade Hands              Tmut           #.........   100%        5


Dungeon Overview and Level Annotations

Branches:
Dungeon (8/15)             Temple (0/1) D:5            Lair (0/6) D:8

Altars:
Elyvilon
Gozag
Okawaru
Qazlal
Sif Muna
Trog
Wu Jian
Xom
Zin
The Shining One

Shops:
D:4 !

Annotations:
D:7 2 transporters
D:8 Maurice


Innate Abilities, Weirdness & Mutations

You cannot be hasted, slowed, berserked, paralysed or teleported.
You can dig through walls and to a lower floor.
Your four strong arms can wield two-handed weapons with a shield.
You have a pair of large antennae on your head. (SInv)


Message History

Space bends around you!
You blink.
Something stings the fungus!
An adder comes into view.
Space bends around you!
You blink.
A nearby plant withers and dies.
You don't have enough health at the moment.
Unknown command.
Unknown command.
The killer bee barely misses you.
The bullfrog snags a nearby blue-tailed skink with its tongue.
The killer bee barely misses you.
The ice beast hits the fungus.
The fungus begins to die.
The ice beast freezes the fungus!
Unknown command.
Okay, then.
A nearby fungus withers and dies.
The killer bee stings you but does no damage.
The killer bee barely misses you.
The bullfrog hits you but does no damage.
The killer bee barely misses you.
The bullfrog swells and bulges.
The killer bee stings you.
You die...

##...P..................
##.Ps...P.PYP...........
....P...................
......P..@..Y...........
.......P....s...........
.....y####..Y...F.......
.@....{##.....F#........
....§..{#....YyyF.......
.@............yy@.......
........................
†...F.....########......
.##.y.....# ###...
#..yy.....# #..
.§....##..## ..
....####...# ..##.#
##..# ..#### #..##


You could see Maurice (invisible), 3 yaks, an ice beast, 3 bullfrogs, a scorpion
and 4 killer bees.

Vanquished Creatures
  Prince Ribbit (D:5)
  Sigmund (D:2)
  Menkaure (D:7)
  A black bear (D:8)
  An orc warrior (D:6)
  A sky beast (D:7)
  4 centaurs
  3 bullfrogs
  A gnoll sergeant (D:7)
  A howler monkey (D:6)
  A jelly (D:7)
  A gnoll shaman (D:4)
  4 orc priests
  6 hounds
  5 orc wizards
  3 centaur skeletons
  An iguana (D:6)
  5 worker ants
  Robin (D:4)
  A howler monkey skeleton (D:4)
  12 adders
  12 gnolls
  A shadow imp (D:6)
  2 white imps (D:7)
  An ufetubus (D:6)
  2 oozes
  2 worms (D:2)
  3 dart slugs
  7 leopard geckos
  23 orcs
  5 giant cockroaches
  5 hobgoblins
  10 jackals
  6 bats
  A frilled lizard (D:4)
  22 goblins
  6 kobolds
  A quokka skeleton (D:5)
  2 quokka zombies (D:5)
  A rat (D:1)
167 creatures vanquished.

Vanquished Creatures (others)
  24 fungi (D:8)
  33 plants (D:8)
57 creatures vanquished.

Grand Total: 224 creatures vanquished

Notes
Turn   | Place    | Note
-------+----------+-------------------------------------------
     0 | Abyss:1  | marklar909 the Formicid Abyssal Knight began the quest for
                  | the Orb.
     0 | Abyss:1  | Reached XP level 1. HP: 18/18 MP: 2/2
   151 | Abyss:1  | Noticed an iron imp
   239 | Abyss:1  | Noticed a large abomination
   240 | Abyss:1  | Noticed a raiju
   253 | Abyss:1  | Noticed a large abomination
   254 | Abyss:1  | Noticed a small abomination
   255 | Abyss:1  | Noticed a revenant
   258 | D:1      | Escaped the Abyss
   773 | D:1      | Reached XP level 2. HP: 23/25 MP: 3/3
   819 | D:1      | Reached * piety under Lugonu
  1567 | D:1      | Reached skill level 1 in Dodging
  1724 | D:2      | Reached XP level 3. HP: 29/30 MP: 4/4
  1804 | D:2      | Noticed Sigmund
  1816 | D:2      | Killed Sigmund
  1816 | D:2      | Reached skill level 3 in Maces & Flails
  1816 | D:2      | Reached XP level 4. HP: 15/38 MP: 6/6
  1816 | D:2      | Reached XP level 5. HP: 17/43 MP: 7/7
  1816 | D:2      | Reached XP level 6. HP: 20/49 MP: 8/8
  2042 | D:2      | Reached skill level 4 in Maces & Flails
  2899 | D:3      | Found a shimmering blue altar of Sif Muna.
  2905 | D:3      | Found a shimmering altar of Xom.
  3063 | D:3      | Reached ** piety under Lugonu
  3725 | D:4      | Found Isuolem's Distillery.
  3809 | D:4      | Reached XP level 7. HP: 55/55 MP: 9/9
  3836 | D:4      | Got a pair of encrusted gloves
  3842 | D:4      | Identified the cursed +0 pair of gloves of a sewer {Rampage
                  | Stlth+} (You found it on level 4 of the Dungeon)
  3872 | D:4      | Reached skill level 5 in Maces & Flails
  4241 | D:4      | Found an iron altar of Okawaru.
  4444 | D:4      | Reached *** piety under Lugonu
  4460 | D:4      | Noticed Robin
  4475 | D:4      | Killed Robin
  4667 | D:5      | Entered Level 5 of the Dungeon
  4682 | D:5      | Reached skill level 6 in Maces & Flails
  4682 | D:5      | Reached skill level 1 in Stealth
  4682 | D:5      | Reached XP level 8. HP: 44/61 MP: 10/10
  4694 | D:5      | Reached skill level 5 in Fighting
  4818 | D:5      | Found an ornate altar of the Wu Jian Council.
  5009 | D:5      | Noticed Prince Ribbit
  5640 | D:5      | Found a staircase to the Ecumenical Temple.
  6318 | D:5      | Killed Prince Ribbit
  6318 | D:5      | Reached skill level 1 in Throwing
  6318 | D:5      | Reached skill level 5 in Armour
  6609 | D:6      | Found a stormy altar of Qazlal.
  6670 | D:6      | Reached skill level 7 in Maces & Flails
  6749 | D:6      | Reached XP level 9. HP: 38/68 MP: 11/11
  6800 | D:6      | Reached **** piety under Lugonu
  7989 | D:6      | Found a bloodstained altar of Trog.
  8025 | D:6      | Reached skill level 1 in Evocations
  8056 | D:6      | Found a glowing silver altar of Zin.
  8056 | D:6      | Found a glowing golden altar of the Shining One.
  8057 | D:6      | Found a white marble altar of Elyvilon.
  8356 | D:7      | Noticed Menkaure
  8365 | D:7      | Killed Menkaure
  8415 | D:7      | Reached skill level 8 in Maces & Flails
  8710 | D:7      | Noticed a troll
  8712 | D:7      | Found a transporter.
  8713 | D:7      | Noticed a necromancer
  8714 | D:7      | Found a transporter.
  8714 | D:7      | Found an opulent altar of Gozag.
  8725 | D:7      | Noticed a cyclops
  9495 | D:8      | Noticed Maurice
  9499 | D:8      | Found a staircase to the Lair.
  9510 | D:8      | Slain by a killer bee

Illustrated notes

Levels and vault maps discovered:
D:1:      saegor_arrival_simple_e, layout_basic
D:2:      layout_loops_corners, uniq_sigmund
D:3:      layout_loops_ring, lemuel_round_altar, xom_teletrap_fun
D:4:      layout_loops_ring, okawaru_ov_weapons_minmay, serial_shops,
          shop_statue, uniq_robin
D:5:      layout_loops_cross, kennysheep_little_box, minmay_temple_entry_mist,
          uniq_prince_ribbit1
D:6:      layout_cave_pools, good_gods_temple_1, grunt_qazlal_clouds,
          lemuel_round_altar, st_stairs_8
D:7:      layout_loops_ring, gammafunk_temple_overflow_arena, uniq_menkaure
D:8:      layout_layer_cave, makhleb_altar_promises_db,
          due_lair_maze_entry_diamond, minmay_misc_feat_enclosed, uniq_maurice

Skill      XL: |  1  2  3  4  5  6  7  8  9 |
---------------+----------------------------+-----
Dodging        | 1 2 3 4 |  4.0
Fighting       | 4 5 6 |  6.2
Maces & Flails | 3 4 6 7 8 |  8.4
Armour         | 3 4 5 |  5.8
Stealth        | 1 2 3 |  3.5
Throwing       | 2 |  2.5
Evocations     | 1 |  1.0
Invocations    | 3 |  3.4

Action                   |  1- 3 |  4- 6 |  7- 9 || total
-------------------------+-------+-------+-------++-------
Melee: Mace              |    85 |   133 |   470 ||   688
Throw: Dart              |       |       |    30 ||    30
Invok: Depart the Abyss  |     1 |       |       ||     1
       Bend Space        |       |       |     9 ||     9
 Abil: Dig               |     4 |       |     4 ||     8
Evoke: Wand              |       |       |    10 ||    10
  Use: Scroll            |     4 |     8 |     7 ||    19
       Potion            |       |       |     3 ||     3
 Stab: Sleeping          |       |       |    11 ||    11
       Distracted        |       |       |     2 ||     2
Armor: Leather armour    |    10 |       |       ||    10
       Scale mail        |    16 |    46 |       ||    62
       Ring mail         |       |     6 |   276 ||   282
       Skin              |       |       |     3 ||     3
Dodge: Dodged            |    45 |    85 |   371 ||   501

Table legend: (Time is in decaauts)
 A = Elapsed time spent in this place.
 B = Non-inter-level travel time spent in this place.
 C = Inter-level travel time spent in this place.
 D = Time resting spent in this place.
 E = Time spent auto-exploring this place.
 F = Levels seen in this place.
 G = Mean time per level.
                   A        B        C        D        E       F      G
               +--------+--------+--------+--------+--------+-----+--------+
         Total |   9595 |   8913 |    682 |   1839 |   5312 |   9 | 1066.1 |
       Dungeon |   9336 |   8654 |    682 |   1839 |   5123 |   8 | 1167.0 |
         Abyss |    259 |    259 |      0 |      0 |    189 |   1 |  259.0 |
               +--------+--------+--------+--------+--------+-----+--------+

Top non-repeatable levels by time:
     D:5: 2593 daAuts
     D:1: 1391 daAuts
     D:4: 1348 daAuts
     D:2: 1251 daAuts
     D:7: 1105 daAuts
     D:6: 779 daAuts
     D:3: 743 daAuts
 Abyss:1: 259 daAuts
     D:8: 122 daAuts
